 Dungeon Crawl Stone Soup version 0.26.0-10-g1f06aea511 (webtiles) character file.

Game seed: 14056756998435665210

115 jackrogers the Cudgeller (level 5, -2/54 HPs)
             Began as an Ogre Berserker on Jan 14, 2021.
             Was a Priest of Trog.
             Slain by an orc wizard
             ... wielding a +2 dagger of venom
              (5 damage)
             ... on level 2 of the Dungeon.
             The game lasted 00:01:44 (1747 turns).

jackrogers the Cudgeller (Ogre Berserker)           Turns: 1747, Time: 00:01:45

Health: -2/54      AC:  3    Str: 22    XL:     5   Next: 0%
Magic:  5/5        EV: 10    Int: 10    God:    Trog [***...]
Gold:   94         SH:  0    Dex:  8    Spells: 4/4 levels left

rFire    + . .     SeeInvis .   a - +0 mace
rCold    . . .     Faith    .   (no shield)
rNeg     . . .     Spirit   .   b - +0 animal skin
rPois    .         Reflect  .   (helmet restricted)
rElec    .         Harm     .   (no cloak)
rCorr    .         Rampage  .   (gloves unavailable)
Will     .....                  (boots unavailable)
Stlth    +.........             (no amulet)
HPRegen  0.18/turn              (no ring)
MPRegen  0.09/turn              (no ring)

@: brilliant, lethally poisoned (-2 -> -21), berserk cooldown, flying, slowed,
very slow
A: large, unfitting armour, blurry vision 1, clever 1, fire resistance 1, sense
surroundings 1, tough skin 1
a: Renounce Religion, Berserk, Trog's Hand


You were on level 2 of the Dungeon.
You worshipped Trog.
Trog was most pleased with you.
You visited 1 branch of the dungeon, and saw 2 of its levels.

You collected 94 gold pieces.

Inventory:

Hand Weapons
 a - a +0 mace (weapon)
Armour
 b - a +0 animal skin (worn)
Scrolls
 d - 2 scrolls of remove curse
Potions
 c - 3 potions of degeneration {!q}


   Skills:
 - Level 4.0 Fighting
 + Level 5.0 Maces & Flails
 - Level 2.6 Dodging


You had 4 spell levels left.
You didn't know any spells.
Your spell library was empty.

Dungeon Overview and Level Annotations

Branches:
Dungeon (2/15)

Altars:
Ashenzari


Innate Abilities, Weirdness & Mutations

You are too large for most types of armour.
You have tough skin. (AC +1)
Scrolls take you a little longer to read.
Your mind is acute. (Int +2)
Your flesh is heat resistant. (rF+)
You passively map a small area around you.


Message History

An orc wizard comes into view. It is wielding a +2 dagger of venom.
The frilled lizard bites you but does no damage.
Spoiler Alert: The orc wizard (wandering) might cast Slow, Confuse, Throw Flame, Throw Frost, or go Invisible!
You closely miss the frilled lizard.
The orc wizard shouts!
The frilled lizard bites you. The frilled lizard barely misses you.
The orc wizard mumbles some strange words.
The orc wizard blinks!
The frilled lizard closely misses you.
The orc wizard gestures wildly while chanting.
The orc wizard blinks!
The frilled lizard closely misses you.
Spoiler Alert: The orc wizard might cast Slow, Confuse, Throw Flame, Throw Frost, or go Invisible!
Unknown command.
Spoiler Alert: The orc wizard might cast Slow, Confuse, Throw Flame, Throw Frost, or go Invisible!
An orc comes into view. It is wielding a +1 whip of venom.
The frilled lizard closely misses you.
Spoiler Alert: The orc wizard might cast Slow, Confuse, Throw Flame, Throw Frost, or go Invisible!
The orc wizard mumbles some strange words.
The orc wizard blinks!
The frilled lizard bites you but does no damage.
The frilled lizard bites you.
Spoiler Alert: The orc wizard might cast Slow, Confuse, Throw Flame, Throw Frost, or go Invisible!
Spoiler Alert: The orc wizard might cast Slow, Confuse, Throw Flame, Throw Frost, or go Invisible!
The frilled lizard bites you but does no damage.
You see here a dagger.
Spoiler Alert: The orc wizard might cast Slow, Confuse, Throw Flame, Throw Frost, or go Invisible!
You hit the frilled lizard.
You kill the frilled lizard!
Trog accepts your kill.
The frilled lizard bites you but does no damage.
Spoiler Alert: The orc wizard might cast Slow, Confuse, Throw Flame, Throw Frost, or go Invisible!
You hit the frilled lizard but do no damage.
The frilled lizard bites you.
Spoiler Alert: The orc wizard might cast Slow, Confuse, Throw Flame, Throw Frost, or go Invisible!
You closely miss the frilled lizard. The frilled lizard closely misses you.
The frilled lizard bites you but does no damage.
Spoiler Alert: The orc wizard might cast Slow, Confuse, Throw Flame, Throw Frost, or go Invisible!
You sock the frilled lizard!
You kill the frilled lizard!
Trog accepts your kill.
The orc wizard mumbles some strange words.
The orc wizard blinks!
The kobold throws a stone.
The stone hits you but does no damage. The kobold hits you but does no damage.
The kobold barely misses you.
Things that are here:
a frilled lizard corpse; a frilled lizard corpse Spoiler Alert: The orc wizard might cast Slow, Confuse, Throw Flame, Throw Frost, or go Invisible!
You closely miss the kobold. The kobold barely misses you.
The kobold completely misses you.
Spoiler Alert: The orc wizard might cast Slow, Confuse, Throw Flame, Throw Frost, or go Invisible!
You closely miss the kobold. The kobold closely misses you.
Spoiler Alert: The orc wizard might cast Slow, Confuse, Throw Flame, Throw Frost, or go Invisible!
You closely miss the kobold. The kobold hits you.
The orc wizard gestures wildly while chanting.
The orc wizard blinks!
The kobold barely misses you.
Spoiler Alert: The orc wizard might cast Slow, Confuse, Throw Flame, Throw Frost, or go Invisible!
You hit the kobold.
You kill the kobold!
Trog accepts your kill.
The orc wizard points at you and mumbles some strange words.
The magic dart hits you.
The orc hits you with a +1 whip of venom.
* * * LOW HITPOINT WARNING * * *
You are poisoned.
You have reached level 5!
Spoiler Alert: The orc wizard might cast Slow, Confuse, Throw Flame, Throw Frost, or go Invisible!
You hit the orc.
You feel sick. The orc hits you but does no damage.
You are more poisoned.
Spoiler Alert: The orc wizard might cast Slow, Confuse, Throw Flame, Throw Frost, or go Invisible!
You closely miss the orc.
You feel sick. The orc misses you.
The orc wizard gestures at you while chanting.
You feel as though you will be slow longer.
The orc hits you but does no damage.
You are lethally poisoned!
The orc wizard mumbles some strange words.
The orc wizard blinks!
Spoiler Alert: The orc wizard might cast Slow, Confuse, Throw Flame, Throw Frost, or go Invisible!
You closely miss the orc.
* * * LOW HITPOINT WARNING * * *
You feel sick. The orc closely misses you. x2
Spoiler Alert: The orc wizard might cast Slow, Confuse, Throw Flame, Throw Frost, or go Invisible!
It was a potion of brilliance.
You feel clever all of a sudden.
* * * LOW HITPOINT WARNING * * *
You feel sick.
Spoiler Alert: The orc wizard might cast Slow, Confuse, Throw Flame, Throw Frost, or go Invisible!
It was a potion of mutation.
You feel extremely strange.
You feel a strange attunement to the structure of the dungeons.
Your vision blurs.
You feel resistant to heat.
You feel clever.
* * * LOW HITPOINT WARNING * * *
You feel sick. The orc wizard closely misses you.
Spoiler Alert: The orc wizard might cast Slow, Confuse, Throw Frost, or go Invisible!
It was a potion of flight.
You feel very buoyant.
You fly up into the air.
* * * LOW HITPOINT WARNING * * *
You feel sick.
The orc wizard hits you but does no damage.
You are more poisoned.
The orc wizard hits you with a +2 dagger of venom.
You die...

#..# ###..# ,,,
,....# #..# #.)####
#.)...##### ,
#....oo...#
#.###o###.# #.# #@#
,* ##########.# #(#
* # #..........# #.#
###.######.#####.#
....# #.......# *
##### #..###### #
########..########,
#.................
###.######..########


You could see an orc wizard and 2 orcs.

Vanquished Creatures
  An orc priest (D:2)
  An adder (D:2)
  An ooze (D:1)
  2 worms (D:2)
  5 dart slugs
  2 leopard geckos
  A ball python (D:1)
  5 bats
  5 giant cockroaches
  5 goblins
  4 hobgoblins
  4 jackals (D:1)
  6 kobolds
  7 frilled lizards
  5 rats
54 creatures vanquished.

Notes
Turn   | Place    | Note
-------+----------+-------------------------------------------
     0 | D:1      | jackrogers the Ogre Berserker began the quest for the Orb.
     0 | D:1      | Reached XP level 1. HP: 24/24 MP: 1/1
    49 | D:1      | Reached skill level 3 in Maces & Flails
   152 | D:1      | Found a broken altar of Ashenzari.
   163 | D:1      | Reached XP level 2. HP: 27/32 MP: 2/2
   441 | D:1      | Reached XP level 3. HP: 24/39 MP: 3/3
   449 | D:1      | Reached ** piety under Trog
   718 | D:1      | Reached skill level 4 in Maces & Flails
  1325 | D:2      | Reached XP level 4. HP: 42/48 MP: 4/4
  1720 | D:2      | Reached skill level 5 in Maces & Flails
  1736 | D:2      | Reached *** piety under Trog
  1741 | D:2      | HP: 11/48 [orc/+1 whip of venom (4)]
  1742 | D:2      | Reached XP level 5. HP: 12/54 MP: 5/5
  1746 | D:2      | Gained mutation: You passively map a small area around you.
                  | [potion of mutation]
  1746 | D:2      | Gained mutation: Scrolls take you a little longer to read.
                  | [potion of mutation]
  1746 | D:2      | Gained mutation: Your flesh is heat resistant. (rF+)
                  | [potion of mutation]
  1746 | D:2      | Gained mutation: Your mind is acute. (Int +2) [potion of
                  | mutation]
  1746 | D:2      | HP: 5/54 [poisoned by an orc]
  1747 | D:2      | Slain by an orc wizard

Illustrated notes

Levels and vault maps discovered:
D:1:      minmay_arrival_doors, layout_basic, evilmike_ruin_ashenzari
D:2:      layout_loops_ring

Skill      XL: |  1  2  3  4 |
---------------+-------------+-----
Maces & Flails | 3 4 5 |  5.0
Fighting       | |  4.0
Dodging        | |  2.6

Action                   |  1- 3 |  4- 6 || total
-------------------------+-------+-------++-------
Melee: Mace              |   118 |    58 ||   176
Invok: Berserk           |       |     1 ||     1
  Use: Scroll            |     2 |       ||     2
       Potion            |       |     3 ||     3
Armor: Animal skin       |    30 |    24 ||    54
Dodge: Dodged            |    82 |    55 ||   137

Table legend: (Time is in decaauts)
 A = Elapsed time spent in this place.
 B = Non-inter-level travel time spent in this place.
 C = Inter-level travel time spent in this place.
 D = Time resting spent in this place.
 E = Time spent auto-exploring this place.
 F = Levels seen in this place.
 G = Mean time per level.
                   A        B        C        D        E       F      G
               +--------+--------+--------+--------+--------+-----+--------+
         Total |   1786 |   1757 |     29 |    541 |    851 |   2 |  893.0 |
       Dungeon |   1786 |   1757 |     29 |    541 |    851 |   2 |  893.0 |
               +--------+--------+--------+--------+--------+-----+--------+

Top non-repeatable levels by time:
     D:1: 1049 daAuts
     D:2: 737 daAuts

Table legend:
 A = Kills in this place as a percentage of kills in entire the game.
 B = Kills by you in this place as a percentage of kills by you in the entire game.
 C = Kills by friends in this place as a percentage of kills by friends in the entire game.
 D = Other kills in this place as a percentage of other kills in the entire game.
 E = Experience gained in this place as a percentage of experience gained in the entire game.
 F = Experience gained in this place divided by the number of levels of this place that you have seen.
                   A       B       C       D       E      F
               +-------+-------+-------+-------+-------+----------------------
         Total | 100.0 | 100.0 |   N/A |   N/A | 100.0 |  82.5
       Dungeon | 100.0 | 100.0 |   N/A |   N/A | 100.0 |  82.5
               +-------+-------+-------+-------+-------+----------------------
